cohdb
Replays
Latest Replays
All Replays
Popular Replays
Top Player Replays
Match Explorer
How It Works
Community
CoH3 Stats
Reddit
Sign in to upload your games and track your stats! →
Sign in with Steam
Match 46789170
Unlisted
Match 46789170
Overview
Messages
Build Orders
End
Panzergrenadier Squad
Panzerpioneer Squad
250 Light Carrier
Panzergrenadier Squad
Construct Light Support Kompanie
Combat Half-tracks
MG34 Team
2.5-tonne Medical Truck
Selects Armored Support Battlegroup
Selects Superior Fire Drills
Construct Mechanized Kompanie
Support Armor Elements
StuG III D Assault Gun
Emergency Repair Kits
Marder III Tank Destroyer
Selects Flammpanzer III Medium Tank
Flammpanzer III Medium Tank
254 Reconnaissance Tractor
Vehicle Survival Package
StuG III D Assault Gun
Adult Asthma Is A Choice
Not Emily Willis™
FoxOnTheFront
Maverick (OCdt)
Venger
Dadical
0
0
Comments
sign in to comment!
No comments posted yet!